Map: Prion Terraces

Players

Hindulaatti

  • Race: Terran Terran
  • League: Platinum

Scoti - Winner!

  • Race: Protoss Protoss
  • League: Platinum

VOD

Have the link to the VOD?

Description

Time

  • Played on: Dec. 20, 2015, 6:01 a.m.
  • Length: 15:27
Show
View Real Time Build Order
Export as new Build Order

Hindulaatti Terran 

Build Orders:  

Get SALT Encoding   

  12  0:01  SCV  
  13  0:13  SCV  
  14  0:19  Supply Depot  
  14  0:26  SCV  
  15  0:40  SCV  
  15  0:42  Barracks  
  16  0:53  SCV  
  17  1:05  SCV  
  18  1:17  SCV  
  19  1:25  Command Center  
  19  1:29  SCV  
  19  1:31  Marine  
  21  1:35  Refinery  
  21  1:43  Orbital Command  
  21  1:49  Supply Depot  
  21  2:02  Bunker  
  21  2:03  Marine  
  22  2:12  SCV  
  23  2:21  Marine  
  24  2:24  SCV  
  25  2:36  Bunker  
  25  2:38  SCV  
  25  2:39  Orbital Command  
  25  2:43  Marine  
  27  2:45  Factory  
  27  2:50  SCV  
  28  3:12  SCV x2  
  29  3:20  Barracks Reactor  
  28  3:29  SCV x2  
  28  3:31  Factory Tech Lab  
  28  3:37  Refinery  
  28  3:40  Barracks  
  28  3:41  Command Center, SCV x2, Barracks  
  30  3:54  SCV  
  30  3:55  SCV  
  32  3:57  Bunker  
  32  4:01  Marine x2  
  34  4:06  Refinery  
  34  4:15  Cyclone  
  38  4:17  SCV x2  
  38  4:22  Marine x2  
  41  4:27  Barracks Reactor  
  41  4:28  Barracks Reactor  
  41  4:29  Barracks Tech Lab, SCV x2  
  43  4:39  Engineering Bay  
  43  4:40  Marine x2  
  43  4:41  SCV  
  46  4:52  Supply Depot x2, SCV  
  47  4:53  Orbital Command, Marauder, SCV  
  47  4:57  Cyclone  
  47  4:58  Marine x2  
  55  5:04  Supply Depot, SCV  
  55  5:05  Marine, SCV  
  55  5:06  Marine  
  59  5:11  Stimpack  
  59  5:14  Marauder  
  59  5:16  SCV  
  59  5:17  SCV  
  59  5:20  Marine x2  
  46  5:21  Orbital Command  
  65  5:23  Marine  
  66  5:28  SCV  
  66  5:31  Marine  
  66  5:33  Starport  
  68  5:36  Marauder  
  70  5:45  Marine x2  
  70  5:47  Bunker, Marine  
  70  5:49  Marine  
  74  5:51  Refinery  
  74  5:55  Refinery  
  73  5:57  Marauder  
  73  6:01  SCV x3  
  73  6:03  Cyclone, Marine  
  82  6:04  Refinery  
  82  6:09  Marine x2  
  82  6:10  Marine  
  85  6:17  Missile Turret  
  85  6:18  Supply Depot x2  
  84  6:19  Marauder  
  84  6:28  SCV  
  85  6:33  Supply Depot, Marine x3  
  85  6:34  Medivac, SCV x2  
  92  6:40  Marauder, SCV  
  95  6:47  SCV  
  95  6:48  SCV  
  95  6:52  SCV  
  97  6:59  Marine x3  
  94  7:02  Marauder, Supply Depot  
  94  7:05  Supply Depot, Cyclone  
  99  7:08  Starport Reactor  
  99  7:11  SCV x3  
  99  7:14  Supply Depot  
  102  7:16  Supply Depot  
  102  7:21  Starport  
  102  7:23  SCV x2  
  102  7:24  SCV  
  105  7:40  Marauder, Marine x4  
  111  7:46  Widow Mine  
  113  7:52  Supply Depot  
  113  7:54  Supply Depot  
  113  7:57  Marine  
  113  7:58  Marine x3  
  117  7:59  Barracks x2  
  117  8:00  Starport Reactor  
  117  8:01  Starport Tech Lab, Marauder  
  117  8:03  Missile Turret  
  119  8:06  Missile Turret  
  114  8:15  Marine x2  
  114  8:16  Marine x2  
  118  8:23  Marauder  
  118  8:24  Missile Turret  
  119  8:30  Raven  
  119  8:31  Medivac  
  119  8:32  Medivac  
  119  8:33  Marine x4  
  126  8:44  Marauder  
  126  8:50  Barracks Reactor  
  126  8:51  Marine x4  
  122  8:57  Barracks Tech Lab  
  120  9:06  Marauder  
  122  9:14  Supply Depot  
  122  9:15  Supply Depot  
  122  9:21  Missile Turret, Marine x2  
  122  9:22  Marauder, Marine x2  
  122  9:23  Missile Turret  
  122  9:24  Missile Turret  
  128  9:26  Terran Infantry Weapons Level 1  
  128  9:27  Marauder  
  128  9:29  Marine x2  
  132  9:34  Cyclone  
  132  9:35  Medivac  
  133  9:39  Marine x4  
  133  9:43  Marauder  
  133  9:45  SCV x3  
  142  9:46  Marine  
  142  9:47  Marine  
  142  9:52  Supply Depot  
  144  9:54  Supply Depot  
  144  9:55  Medivac  
  144  9:56  Medivac  
  144  9:57  SCV  
  149  10:07  Marine  
  149  10:08  Marauder x2, Marine x5  
  159  10:25  Marine  
  159  10:26  Marine x4  
  159  10:27  Marine  
  165  10:29  Marauder, Cyclone, Marine  
  165  10:32  Medivac  
  165  10:33  Medivac, Command Center  
  175  10:37  Missile Turret  
  169  10:43  Marine x2  
  169  10:44  Marine  
  169  10:47  Marauder  
  169  10:48  Marine x3  
  153  10:51  Marauder  
  126  11:01  Marine x3  
  115  11:05  Medivac x2  
  115  11:06  Medivac, Marine x3  
  115  11:09  Marauder  
  122  11:12  Marauder  
  122  11:17  Cyclone  
  127  11:19  Marine x3  
  127  11:22  Liberator  
  127  11:24  Marine x2  
  129  11:30  Marauder, Marine  
  127  11:33  Marauder  
  127  11:35  Medivac x2  
  127  11:36  Marine  
  127  11:37  Marine x2  
  139  11:40  Refinery x2  
  139  11:42  Marine x2  
  132  11:48  Marine  
  132  11:51  Marauder  
  128  11:55  Marauder, Marine x3  
  128  11:59  Marine  
  128  12:00  Marine  
  128  12:06  Marine  
  126  12:10  Medivac  
  126  12:12  Marine  
  126  12:13  Marauder, Marine x2  
  126  12:15  Widow Mine  
  135  12:16  Marauder  
  135  12:17  Marine x2  
  135  12:18  Liberator x2  
  135  12:22  Orbital Command  
  139  12:23  Liberator  
  139  12:31  Barracks  
  145  12:43  Widow Mine  
  150  12:45  Terran Infantry Armor Level 1  
  150  12:57  Marauder, Marine x6  
  150  12:58  Marine  
  159  13:01  Liberator  
  102  13:21  Marauder x2, Marine x5  
  102  13:22  Marine  
  109  13:38  Marine  
  109  13:39  Marine x5  
  115  13:42  Marauder  
  115  13:43  Marauder, Barracks Reactor  
  115  13:44  Combat Shields  
  115  13:47  Engineering Bay  
  119  13:52  Armory  
  120  13:55  SCV x2  
  120  13:56  Marine, SCV  
  120  13:57  Marine x3  
  120  13:58  Supply Depot  
  120  14:00  Marine x2  
  128  14:04  Marauder x2  
  128  14:07  Medivac x2  
  136  14:10  Barracks x2  
  136  14:11  Barracks  
  136  14:14  Marine x3  
  136  14:15  Marine  
  140  14:18  Marine x2  
  142  14:25  Marauder, Marine  
  142  14:27  Marine x2  
  147  14:32  Marine x4  
  147  14:36  Marine x2  
  142  14:43  Marauder  
  142  14:44  Marine  
  142  14:45  Marine  
  127  14:47  Marauder  
  127  14:50  Marine x4  
  125  14:54  Marine x2  
  120  15:02  Marine  
  120  15:05  Marauder  
Show
View Real Time Build Order
Export as new Build Order

Scoti Protoss - Winner!

Build Orders: 1 Gate Expand, Blink Stalkers 

Get SALT Encoding   

  12  0:01  Probe (Chrono Boost)  
  13  0:11  Probe (Chrono Boost)  
  14  0:18  Pylon  
  14  0:22  Probe (Chrono Boost)  
  15  0:36  Probe (Chrono Boost)  
  15  0:38  Gateway  
  16  0:46  Assimilator, Probe (Chrono Boost)  
  18  0:57  Probe (Chrono Boost)  
  18  1:07  Probe (Chrono Boost)  
  19  1:18  Probe (Chrono Boost)  
  20  1:25  Nexus  
  20  1:28  Probe (Chrono Boost)  
  21  1:38  Cybernetics Core  
  21  1:42  Probe (Chrono Boost)  
  22  1:49  Pylon  
  22  1:53  Probe (Chrono Boost)  
  23  2:07  Probe (Chrono Boost)  
  24  2:21  Stalker  
  24  2:22  Mothership Core (Chrono Boost)  
  28  2:24  Pylon  
  28  2:26  Pylon  
  28  2:36  Warp Gate  
  28  2:43  Pylon  
  28  2:49  Probe x2 (Chrono Boost)  
  30  2:59  Probe x2 (Chrono Boost)  
  32  3:10  Probe x2 (Chrono Boost)  
  34  3:20  Probe x2 (Chrono Boost)  
  34  3:21  Twilight Council  
  34  3:23  Assimilator  
  34  3:31  Probe x2 (Chrono Boost)  
  36  3:41  Probe x2 (Chrono Boost)  
  37  3:52  Probe x2 (Chrono Boost)  
  37  3:54  Blink (Chrono Boost), Gateway  
  39  3:58  Gateway  
  39  4:00  Gateway  
  39  4:01  Probe (Chrono Boost)  
  39  4:02  Probe (Chrono Boost)  
  41  4:11  Probe  
  41  4:12  Assimilator  
  41  4:14  Probe  
  41  4:16  Assimilator  
  43  4:19  Gateway  
  43  4:22  Probe  
  44  4:26  Probe  
  45  4:32  Probe  
  46  4:38  Probe  
  46  4:43  Robotics Facility  
  47  4:50  Stalker  
  49  4:59  Gateway  
  49  5:01  Stalker  
  49  5:02  Stalker  
  49  5:03  Stalker  
  55  5:12  Stalker  
  57  5:17  Stalker  
  59  5:22  Probe  
  59  5:25  Stalker x2  
  64  5:38  Observer (Chrono Boost)  
  64  5:40  Nexus  
  65  5:44  Probe  
  65  5:46  Stalker x2  
  65  5:47  Resonating Glaives  
  70  6:09  Pylon  
  70  6:11  Pylon  
  70  6:13  Pylon  
  70  6:27  Warp Prism (Chrono Boost), Probe x2  
  74  6:39  Probe  
  75  6:40  Pylon  
  75  6:42  Dark Shrine  
  75  6:44  Stalker  
  75  6:45  Stalker x5  
  85  6:58  Probe  
  85  7:00  Probe x2  
  86  7:09  Probe  
  86  7:11  Immortal (Chrono Boost)  
  86  7:12  Probe x2  
  86  7:15  Stalker x4  
  101  7:28  Adept x2  
  105  7:31  Probe  
  105  7:32  Probe x2  
  108  7:38  Adept x2  
  108  7:44  Probe  
  113  7:47  Forge x2  
  113  7:50  Probe x2  
  115  7:57  Assimilator  
  115  8:01  Assimilator, Stalker  
  114  8:33  Stalker  
  116  8:42  Immortal  
  112  9:04  Protoss Ground Armor Level 1 (Chrono Boost), Protoss Ground Weapons Level 1 (Chrono Boost)  
  112  9:06  Probe x2  
  114  9:10  Gateway  
  114  9:13  Gateway  
  114  9:15  Gateway  
  114  9:21  Gateway  
  114  9:30  Pylon  
  114  9:32  Pylon  
  114  9:34  Pylon, Probe  
  115  9:38  Robotics Facility  
  115  9:41  Stalker  
  115  9:43  Immortal  
  121  9:54  Adept  
  121  9:55  Adept x4  
  131  10:05  Robotics Facility  
  131  10:11  Robotics Bay, Adept x2  
  135  10:18  Pylon  
  135  10:20  Pylon  
  135  10:21  Immortal  
  135  10:22  Pylon  
  139  10:32  Nexus  
  139  10:36  Immortal  
  139  10:37  Assimilator, Pylon  
  139  10:39  Assimilator  
  139  10:40  Pylon  
  139  10:41  Pylon  
  139  10:42  Pylon  
  139  10:43  Pylon, Adept x6  
  139  10:44  Pylon, Dark Templar  
  139  10:45  Pylon, Dark Templar x3  
  139  10:53  Colossus  
  123  11:09  Adept x6  
  135  11:15  Colossus  
  135  11:17  Dark Templar x2  
  135  11:18  Dark Templar x2  
  143  11:38  Protoss Ground Weapons Level 2 (Chrono Boost)  
  143  11:39  Colossus  
  105  12:03  Adept x2  
  105  12:04  Adept x5  
  105  12:05  Adept x3  
  117  12:08  Colossus  
  123  12:26  Colossus  
  123  12:33  Adept x3  
  123  12:34  Adept x2  
  139  12:37  Adept x3  
  139  12:40  Dark Templar  
  147  12:51  Protoss Ground Armor Level 2 (Chrono Boost)  
  147  12:52  Extended Thermal Lance (Chrono Boost)  
  147  12:56  Dark Templar x3  
  121  13:17  Colossus  
  113  13:24  Colossus  
  125  13:36  Nexus  
  125  13:39  Assimilator  
  125  13:41  Assimilator  
  125  13:46  Stalker x2  
  125  13:47  Stalker x2  
  133  14:02  Dark Templar x4  
  141  14:04  Archon x2  
  141  14:06  Archon x2  
  141  14:10  Adept  
  141  14:11  Adept x2  
  141  14:14  Colossus  
  125  14:48  Adept  
  125  14:49  Stalker x5  
  125  14:50  Stalker x3  
  125  14:51  Stalker  
  107  15:17  Dark Templar x5  
  107  15:18  Dark Templar  
Tags
 
Add a new tag
Caveats
  • Supply blocks, unpowered buildings, or Contaminate may cause inaccurate times.
  • Supply counts are checked every 10 seconds.